 Dungeon Crawl Stone Soup version 0.19.1 (webtiles) character file.

17852 ChaseSP the Spear-Bearer (level 12, 0/144 HPs)
             Began as a Red Draconian Warper on Nov 26, 2016.
             Was the Champion of Okawaru.
             Succumbed to a spiny frog's poison
             ... on level 1 of the Lair of Beasts.
             The game lasted 00:52:54 (14751 turns).

ChaseSP the Spear-Bearer (Red Draconian Warper)    Turns: 14751, Time: 00:52:54

Health: 0/144      AC: 26    Str: 22    XL:     12   Next: 22%
Magic:  13/15      EV:  2    Int: 13    God:    Okawaru [******]
Gold:   640        SH:  0    Dex: 14    Spells: 5 memorised, 1 level left

rFire  . . .     SeeInvis .     a - +7 halberd "Kiqob" {flame, +Blink}
rCold  . . .     Gourm    .     (armour unavailable)
rNeg   + + +     Faith    .     (shield currently unavailable)
rPois  +         Spirit   .     (helmet currently unavailable)
rElec  .         Reflect  .     (cloak currently unavailable)
rCorr  .         Harm     .     (gloves currently unavailable)
MR     .....     Clarity  +     (boots currently unavailable)
Stlth  +......... NoTele   +    v - amulet of rage
                                (no ring)
                                D - +6 ring of strength

@: lethally poisoned (0 -> -7), exhausted, tree-form (expiring), very slightly
contaminated, starving, slowed, very slow
A: (breathe fire), unfitting armour, (big wings), clarity, (fire resistance 0),
evolution 1, (cold-blooded), AC +8
a: Heroism, Finesse, Renounce Religion, Evoke Blink, Evoke Berserk Rage


You were on level 1 of the Lair of Beasts.
You worshipped Okawaru.
Okawaru was exalted by your worship.
You were starving.
You were a tree.
You visited 3 branches of the dungeon, and saw 13 of its levels.

You collected 640 gold pieces.

Inventory:

Hand Weapons
 a - the +7 halberd "Kiqob" (weapon) {flame, +Blink}
   (You found it on level 4 of the Dungeon)

   It has been specially enchanted to burn those struck by it, causing extra
   injury to most foes and up to half again as much damage against particularly
   susceptible opponents.
   Big, fiery blades are also staple armaments of hydra-hunters.
   It lets you blink.
 b - a +0 arbalest
 z - a +0 falchion
Missiles
 d - 5 tomahawks of dispersal (quivered)
 j - 62 poisoned needles
 N - 4 tomahawks
 O - 98 bolts
 R - 2 silver tomahawks
Armour
 k - a +2 cloak (melded)
 I - a +2 pair of boots (melded)
Jewellery
 v - an amulet of rage (around neck)
 D - a +6 ring of strength (left branch)
 F - an uncursed amulet of magic regeneration
 V - an uncursed ring of magical power
Wands
 i - a wand of paralysis (3/24)
 r - a wand of enslavement (12/24)
 y - a wand of acid (4/15)
 L - a wand of random effects (23/48)
 M - a wand of enslavement (4/24)
 P - a wand of confusion (19/48)
 Q - a wand of lightning (5/15)
Scrolls
 e - a scroll of fog
 l - a scroll of noise
 p - 2 scrolls of magic mapping
 q - a scroll of remove curse
 G - a scroll of enchant weapon
 J - 2 scrolls of recharging
 S - a scroll of amnesia
Potions
 g - 2 potions of lignification
 o - a potion of flight {unknown}
 u - a potion of magic
 A - 3 potions of agility
 B - a potion of resistance
 C - a potion of cancellation
 E - 2 potions of brilliance
 Y - a potion of haste
Books
 x - a book of Spatial Translocations

   Spells                             Type                      Level
   a - Blink                          Translocation                2
   b - Shroud of Golubria             Charms/Translocation         2
   c - Lesser Beckoning               Translocation                3
   d - Portal Projectile              Translocation                3
   e - Teleport Other                 Translocation                3
   f - Passage of Golubria            Translocation                4
 U - a book of Minor Magic

   Spells                             Type                      Level
   a - Magic Dart                     Conjuration                  1
   b - Blink                          Translocation                2
   c - Call Imp                       Summoning                    2
   d - Repel Missiles                 Charms/Air                   2
   e - Slow                           Hexes                        2
   f - Conjure Flame                  Conjuration/Fire             3
   g - Mephitic Cloud                 Conjuration/Poison/Air       3
 W - a book of Frost

   Spells                             Type                      Level
   a - Freeze                         Ice                          1
   b - Throw Frost                    Conjuration/Ice              2
   c - Ozocubu's Armour               Charms/Ice                   3
   d - Throw Icicle                   Conjuration/Ice              4
   e - Summon Ice Beast               Ice/Summoning                4
Comestibles
 f - 10 bread rations
 h - 9 meat rations
 n - 10 royal jellies
 w - 3 fruits
 X - a slice of pizza


   Skills:
 + Level 6.2 Fighting
 - Level 6.9 Long Blades
 - Level 12.9 Polearms
   Level 2.1 Bows
 * Level 5.9 Crossbows
 - Level 0.8 Throwing
 + Level 5.3 Dodging
 - Level 2.0 Spellcasting
 + Level 9.8 Translocations


You had one spell level left.
You knew the following spells:

 Your Spells              Type           Power        Failure   Level  Hunger
a - Blink                 Tloc           N/A          1%          2    ###....
b - Shroud of Golubria    Chrm/Tloc      ##........   8%          2    ###....
c - Portal Projectile     Tloc           ####..       1%          3    ####...
d - Teleport Other        Tloc           ####....     1%          3    ####...
e - Passage of Golubria   Tloc           N/A          6%          4    #####..


Dungeon Overview and Level Annotations

Branches:
Dungeon (11/15)            Temple (1/1) D:6            Lair (1/6) D:11
    Orc (0/2) D:11

Altars:
Ashenzari
Cheibriados
Dithmenos
Elyvilon
Fedhas
Gozag
Hepliaklqana
Kikubaaqudgha
Makhleb
Nemelex Xobeh
Okawaru
Qazlal
Ru
Sif Muna
Uskayaw
Vehumet
Xom
Zin
The Shining One

Shops:
D:5 }   D:9 :   D:11 [

Annotations:
D:11 exclusion: ugly thing


Innate Abilities, Weirdness & Mutations

((You can breathe blasts of fire.))
((Your fiery red scales are hard. (AC +8)))
You cannot fit into any form of body armour.
((Your flesh is heat resistant. (rF+)))
((You are cold-blooded and may be slowed by cold attacks.))
((Your large and strong wings let you fly indefinitely.))
You possess an exceptional clarity of mind.
You evolve.


Message History

Okawaru accepts your kill.
* * * LOW HITPOINT WARNING * * *
You feel sick.
Unknown command.
You are too berserk!
Unknown command.
You are too berserk!
Unknown command.
* * * LOW HITPOINT WARNING * * *
You feel sick.
You feel a strong urge to attack something.
* * * LOW HITPOINT WARNING * * *
You feel sick.
You feel your anger subside.
You are no longer berserk.
You are exhausted.
You feel yourself slow down.
* * * LOW HITPOINT WARNING * * *
You feel sick.
Your transformation is almost over.
You die...

...............................
................F..F......#######
...............S...D.....## #)...
...............######P##># #.D.
....+##.#......# ####.########
........#......# #..#....#.
..............## #### #.D#......
...#....#.....####..# #.F...D...
[..#....+.....'†♣'..# #..#..##≈.
...#....#......##.P## #.....###.
...#....#[....###### ##..#..# #.
.(.###.##.....## ### #......###.
..............#P###.####..#..≈##.
.................................
..........................#......
................................
..........................######


There were no monsters in sight!

Vanquished Creatures
  2 hydras (Lair:1)
  Erolcha (D:11)
  4 hill giants
  A cyclops (D:11)
  A deep elf mage (D:11)
  A centaur zombie (D:11)
  Joseph (D:7)
  3 spiny frogs (Lair:1)
  Psyche (D:9)
  A gargoyle (D:11)
  2 komodo dragons (Lair:1)
  4 trolls
  2 two-headed ogres
  A queen bee (D:9)
  5 blink frogs (Lair:1)
  3 hippogriffs
  Sigmund (D:2)
  8 yaks
  A wyvern (D:9)
  3 chaos spawn (D:10)
  A vampire mosquito (D:10)
  2 water moccasins
  Duvessa (D:7)
  2 sky beasts
  A phantom (D:8)
  3 ice beasts
  2 black bears
  An eye of draining (D:11)
  2 orc warriors
  3 ogres
  A necrophage (D:7)
  2 centaurs (D:6)
  3 crocodiles
  10 bullfrogs
  Dowan (D:7)
  7 scorpions
  17 killer bees
  4 wights (D:9)
  2 howler monkeys (D:10)
  5 crimson imps
  A bullfrog zombie (D:10)
  4 orc priests
  5 hounds
  3 bullfrog skeletons
  2 centaur skeletons
  Terence (D:2)
  2 iguanas
  Ijyb (D:2)
  7 orc wizards
  8 worker ants
  A howler monkey zombie (D:8)
  2 worker ant zombies
  6 adders
  A gnoll (D:6)
  A howler monkey skeleton (D:11)
  2 shadow imps
  2 oozes
  An adder zombie (D:6)
  2 adder skeletons
  2 worms
  3 dart slugs
  3 leopard geckos
  34 orcs
  A ball python (D:6)
  6 giant cockroaches
  10 hobgoblins
  18 jackals
  3 quokkas
  A ball python skeleton (D:4)
  6 bats
  6 frilled lizards
  7 goblins
  A kobold (D:1)
  A leopard gecko skeleton (D:8)
  A quokka zombie (D:8)
  8 rats
279 creatures vanquished.

Vanquished Creatures (others)
  2 plants (Lair:1)
2 creatures vanquished.

Grand Total: 281 creatures vanquished

Notes
Turn   | Place    | Note
-------+----------+-------------------------------------------
     0 | D:1      | ChaseSP the Draconian Warper began the quest for the Orb.
     0 | D:1      | Reached XP level 1. HP: 17/17 MP: 3/3
   212 | D:1      | Reached XP level 2. HP: 24/24 MP: 5/5
   424 | D:1      | Learned a level 2 spell: Blink
   427 | D:1      | Learned a level 2 spell: Shroud of Golubria
   592 | D:1      | Reached XP level 3. HP: 24/29 MP: 6/6
   871 | D:2      | Found a glowing golden altar of the Shining One.
   886 | D:2      | Noticed Terence
  1397 | D:3      | Found a deep blue altar of Sif Muna.
  1411 | D:3      | Reached XP level 4. HP: 30/36 MP: 7/7
  1630 | D:3      | Found a sacrificial altar of Ru.
  2018 | D:4      | Reached skill level 5 in Long Blades
  2018 | D:4      | Reached XP level 5. HP: 40/41 MP: 8/8
  2075 | D:2      | Killed Terence
  2204 | D:2      | Noticed Ijyb
  2214 | D:2      | Killed Ijyb
  2259 | D:2      | Noticed Sigmund
  2796 | D:4      | Noticed an ogre
  2805 | D:4      | Killed an ogre
  2805 | D:4      | Reached XP level 6. HP: 17/48 MP: 9/9
  3437 | D:4      | Got a steaming halberd
  3438 | D:4      | Identified the +7 halberd "Kiqob" {flame, +Blink} (You found it on level 4 of the Dungeon)
  3763 | D:5      | Entered Level 5 of the Dungeon
  3904 | D:5      | Found Ceheur's Gadget Shop.
  3964 | D:5      | Reached skill level 1 in Polearms
  3966 | D:5      | Reached skill level 2 in Polearms
  4130 | D:5      | Reached skill level 3 in Polearms
  4130 | D:5      | Your scales start taking on a fiery red colour.
  4130 | D:5      | Reached XP level 7. HP: 52/55 MP: 10/10
  4130 | D:5      | Gained mutation: Your flesh is heat resistant. (rF+) [Red Draconian growth]
  4139 | D:5      | Learned a level 3 spell: Portal Projectile
  4143 | D:5      | Learned a level 3 spell: Teleport Other
  4594 | D:5      | Reached skill level 4 in Polearms
  4887 | D:6      | Reached skill level 5 in Polearms
  5204 | D:6      | Reached skill level 6 in Polearms
  5289 | D:6      | Found a staircase to the Ecumenical Temple.
  5297 | Temple   | Entered the Ecumenical Temple
  5324 | Temple   | Became a worshipper of Warmaster Okawaru
  5436 | D:6      | Reached XP level 8. HP: 61/61 MP: 11/11
  5746 | D:6      | Reached skill level 7 in Polearms
  5837 | D:6      | Gained mutation: You evolve. [mutagenic meat]
  5838 | D:6      | Gained mutation: Your mind is acute. (Int +2) [mutagenic meat]
  5971 | D:6      | Found an ancient bone altar of Kikubaaqudgha.
  5971 | D:6      | Found a white marble altar of Elyvilon.
  6058 | D:7      | Reached skill level 8 in Polearms
  6059 | D:7      | Noticed a hippogriff
  6061 | D:7      | Noticed Joseph
  6095 | D:6      | Reached * piety under Okawaru
  6101 | D:6      | Killed a hippogriff
  6404 | D:7      | Killed Joseph
  6404 | D:7      | Reached skill level 9 in Polearms
  6404 | D:7      | Reached XP level 9. HP: 53/67 MP: 9/12
  6864 | D:7      | Reached skill level 5 in Translocations
  6973 | D:7      | Noticed Duvessa
  6978 | D:7      | Noticed Dowan
  6985 | D:7      | Killed Duvessa
  6985 | D:7      | Reached ** piety under Okawaru
  6992 | D:7      | Killed Dowan
  7049 | D:7      | Found a glowing silver altar of Zin.
  7235 | D:8      | Noticed a troll
  7247 | D:8      | Killed a troll
  7247 | D:8      | Reached skill level 10 in Polearms
  7741 | D:8      | Found a hide-covered altar of Uskayaw.
  7875 | D:8      | Found a shimmering altar of Xom.
  8271 | D:9      | Reached skill level 11 in Polearms
  8296 | D:9      | Noticed Psyche
  8372 | D:9      | Noticed a queen bee
  8373 | D:9      | Noticed a troll
  8390 | D:9      | Killed a queen bee
  8390 | D:9      | Reached *** piety under Okawaru
  8390 | D:9      | Reached XP level 10. HP: 73/73 MP: 11/13
  8899 | D:9      | Lost mutation: Your mind is acute. (Int +2) [evolution]
  8969 | D:9      | Found Diwn's Book Emporium.
  8983 | D:9      | Killed Psyche
  9256 | D:9      | Reached skill level 12 in Polearms
  9382 | D:9      | Reached **** piety under Okawaru
 10063 | D:10     | Entered Level 10 of the Dungeon
 10374 | D:10     | Found a shimmering altar of Xom.
 10980 | D:2      | Killed Sigmund
 11015 | D:2      | Gained mutation: Your large and strong wings let you fly indefinitely. [evolution]
 11429 | D:10     | Noticed a hill giant
 11442 | D:10     | Killed a hill giant
 11442 | D:10     | Reached skill level 1 in Bows
 11709 | D:10     | Reached XP level 11. HP: 80/80 MP: 14/14
 11887 | D:10     | Noticed a hill giant
 11896 | D:10     | Killed a hill giant
 12076 | D:10     | Noticed a hill giant
 12085 | D:10     | Killed a hill giant
 12249 | D:11     | Found a staircase to the Lair.
 12259 | D:10     | Reached ***** piety under Okawaru
 12280 | D:11     | Reached skill level 1 in Crossbows
 12385 | D:11     | Noticed a hill giant
 12399 | D:11     | Killed a hill giant
 12608 | D:11     | Found Zatinwim's Armour Emporium.
 12618 | D:11     | Found a staircase to the Orcish Mines.
 12635 | D:11     | Gained mutation: You possess an exceptional clarity of mind. [evolution]
 13016 | D:11     | Noticed a deep elf mage
 13037 | D:11     | Killed a deep elf mage
 13189 | D:11     | Learned a level 4 spell: Passage of Golubria
 13351 | D:11     | Noticed a purple ugly thing
 13400 | D:11     | Reached skill level 5 in Fighting
 13428 | D:11     | Noticed Erolcha
 13434 | D:11     | Killed Erolcha
 13589 | Lair:1   | Entered Level 1 of the Lair of Beasts
 14221 | Lair:1   | Reached skill level 5 in Crossbows
 14226 | Lair:1   | Reached XP level 12. HP: 44/94 MP: 11/15
 14231 | Lair:1   | Reached skill level 5 in Dodging
 14645 | Lair:1   | Noticed a six-headed hydra
 14687 | Lair:1   | Noticed a four-headed hydra
 14718 | Lair:1   | Killed a two-headed hydra
 14718 | Lair:1   | Received a gift from Okawaru
 14726 | Lair:1   | Killed a one-headed hydra
 14726 | Lair:1   | Reached ****** piety under Okawaru
 14737 | Lair:1   | HP: 1/144 [spiny frog (9)]
 14742 | Lair:1   | HP: 10/216 [spiny frog (3)]
 14746 | Lair:1   | HP: 4/216 [poisoned by a spiny frog]
 14750 | Lair:1   | HP: 1/144 [poisoned by a spiny frog]
 14751 | Lair:1   | Succumbed to a spiny frog's poison

Skill      XL: |  1  2  3  4  5  6  7  8  9 10 11 12 |
---------------+-------------------------------------+-----
Long Blades    | 3 4 5 6 |  6.9
Polearms       | 3 6 9 11 12 | 12.9
Translocations | 4 6 8 9 |  9.8
Bows           | 1 2 |  2.1
Fighting       | 5 6 |  6.2
Dodging        | 4 5 |  5.3
Crossbows      | 5 |  5.9
Throwing       | |  0.8
Spellcasting   | |  2.0

Action                   |  1- 3 |  4- 6 |  7- 9 | 10-12 || total
-------------------------+-------+-------+-------+-------++-------
Melee: Falchion          |   148 |   132 |       |       ||   280
       Tailslap          |    15 |    16 |    18 |    31 ||    80
       Halberd           |       |    26 |   211 |   385 ||   622
 Fire: Hunting sling     |       |    17 |    34 |    14 ||    65
       Shortbow          |       |       |       |    10 ||    10
       Arbalest          |       |       |       |     2 ||     2
 Cast: Blink             |     1 |       |       |     4 ||     5
       Teleport Other    |       |       |     1 |    10 ||    11
       Portal Projectile |       |       |       |     1 ||     1
Invok: Heroism           |       |       |     5 |    10 ||    15
       Finesse           |       |       |       |     1 ||     1
 Abil: Breathe Fire      |       |       |     5 |     8 ||    13
       Fly               |       |       |       |     1 ||     1
       Evoke Berserk Rag |       |       |       |     2 ||     2
Evoke: Wand              |       |       |       |     1 ||     1
  Use: Scroll            |     3 |     5 |     9 |    13 ||    30
       Potion            |       |     1 |     2 |    10 ||    13
 Stab: Paralysed         |       |     1 |       |     1 ||     2
       Invisible         |       |     1 |       |       ||     1
       Sleeping          |       |       |     1 |     2 ||     3
  Eat: Chunk             |     2 |     6 |    17 |    17 ||    42
       Fruit             |       |     1 |     2 |     3 ||     6
       Beef jerky        |       |       |       |     2 ||     2
Armor: Skin              |    55 |    35 |    57 |   149 ||   296
Dodge: Dodged            |   107 |    87 |   116 |   191 ||   501
       Rpst.: Falchion   |    39 |    19 |       |       ||    58
